 Dungeon Crawl Stone Soup version 0.30-a0-778-g2ef04afb54 (webtiles) character file.

Game seed: 8953288079861966092

867 Farfigtubin the Cleaver (level 8, -20/70 HPs)
             Began as a Hill Orc Fighter on Feb 16, 2023.
             Was an Initiate of Beogh.
             Killed by an exploding killer bee (28 damage)
             ... ignited by their inner flame
             ... on level 5 of the Dungeon.
             The game lasted 00:16:17 (1941 turns).

Farfigtubin the Cleaver (Hill Orc Fighter)          Turns: 1941, Time: 00:16:18

Health: -20/70     AC: 13    Str: 19    XL:     8   Next: 3%
Magic:  8/8        EV: 10    Int:  8    God:    Beogh [......]
Gold:   100        SH:  5    Dex: 12    Spells: 7/7 levels left

rFire   . . .      SeeInvis .    a - +0 war axe
rCold   . . .      Faith    .    c - +0 buckler
rNeg    . . .      Spirit   .    l - quicksilver dragon scales
rPois   .          Reflect  .    k - +1 helmet
rElec   .          Harm     .    (no cloak)
rCorr   +          Rampage  .    (no gloves)
Will    +....                    (no boots)
Stlth   +                        (no amulet)
HPRegen 0.31/turn                f - ring of resist corrosion
MPRegen 0.11/turn                (no ring)

@: lethally poisoned (-20 -> -34)
A: no striking features
a: Renounce Religion


You were on level 5 of the Dungeon.
You worshipped Beogh.
Beogh was noncommittal.
You visited 1 branch of the dungeon, and saw 5 of its levels.

You collected 122 gold pieces.
You spent 22 gold pieces at shops.

Inventory:

Hand Weapons
 a - a +0 war axe (weapon)
Armour
 b - a +0 scale mail
 c - a +0 buckler (worn)
 k - a +1 helmet (worn)
 l - quicksilver dragon scales (worn)
Jewellery
 f - a ring of resist corrosion (left hand)
Wands
 m - a wand of mindburst (14)
 q - a wand of paralysis (11)
Scrolls
 g - a scroll of immolation
 h - a scroll of enchant weapon {unknown}
 i - a scroll of fog {unknown}
 n - a scroll of amnesia {unknown}
 o - a scroll of blinking {unknown}
 p - 2 scrolls of poison {unknown}
 s - a scroll of brand weapon {unknown}
Potions
 j - 3 potions of curing {unknown}
 r - a potion of haste {unknown}


   Skills:
 + Level 5.9 Fighting
 + Level 8.7 Axes
 + Level 0.1 Throwing
 + Level 4.9 Armour
 + Level 1.2 Dodging
 + Level 0.1 Stealth
 + Level 4.2 Shields


You had 7 spell levels left.
You didn't know any spells.
Your spell library was empty.

Dungeon Overview and Level Annotations

Branches:
Dungeon (5/15)
 Temple: D:4-7

Altars:
Trog
The Shining One

Shops:
D:4 ?


Message History

Prince Ribbit catches a centipede with his tongue.
Prince Ribbit misses you.
The killer bee stings you but does no damage.
You hit Prince Ribbit.
Flame seeps out of Prince Ribbit.
Prince Ribbit is almost dead.
You closely miss the killer bee. The killer bee barely misses you.
Prince Ribbit is engulfed in blazing flames.
Beogh accepts your kill.
Prince Ribbit explodes!
The fiery explosion engulfs you!
* * * LOW HITPOINT WARNING * * *
You hear a shout! x4
You have reached level 8!
You feel much better. The killer bee barely misses you.
The killer bee stings you.
You are poisoned.
The killer bee poisons you! You block the killer bee's attack.
You slash the killer bee!
Flame seeps out of the killer bee.
The killer bee is heavily wounded.
You closely miss the killer bee.
You feel very sick.
The killer bee is engulfed in blazing flames.
Flame seeps out of the killer bee.
The killer bee stings you but does no damage.
The killer bee stings you.
You are more poisoned.
The killer bee poisons you!
The killer bee stings you but does no damage.
The killer bee is engulfed in blazing flames.
Beogh accepts your kill.
The killer bee explodes!
The fiery explosion engulfs you!!
* * * LOW HITPOINT WARNING * * *
The fiery explosion engulfs the killer bee!!
Beogh accepts your kill.
The fiery explosion engulfs the killer bee!!
Beogh accepts your kill.
The killer bee explodes!
The fiery explosion engulfs you!!
You die...

...####...#..)..$.## #...
#.......##......#.##...
###.....###.....#......
#......##....##...# .
#.................##..
##..................... ###
#......................
)..##.........#.§§§........
#.........##§§@○§........
###........###§°§§§........
...........# #§.§§§........
.......###..##.#.).....##..
.......# .........#..## .
.....#..# #...####.##.#
...##....##..## #.. ...
)............# #......
))......#... .. ....


There were no monsters in sight!

Vanquished Creatures
  Prince Ribbit (D:5)
  2 ogres
  A necrophage (D:2)
  3 killer bees (D:5)
  A hound (D:4)
  An orc priest (D:5)
  2 jellies (D:5)
  3 iguanas
  An orc wizard (D:5)
  7 gnolls
  2 adders (D:2)
  2 worms (D:3)
  10 orcs
  5 endoplasms
  2 giant cockroaches
  3 goblins
  6 hobgoblins
  3 quokkas (D:2)
  5 ball pythons
  2 bats (D:1)
  8 kobolds
  A rat (D:2)
71 creatures vanquished.

Vanquished Creatures (others)
  A centaur (D:5)
  An orc (D:5)
  11 plants (D:2)
13 creatures vanquished.

Grand Total: 84 creatures vanquished

Notes
Turn   | Place    | Note
-------+----------+-------------------------------------------
     0 | D:1      | Farfigtubin the Hill Orc Fighter began the quest for the
                  | Orb.
     0 | D:1      | Reached XP level 1. HP: 19/19 MP: 1/1
    60 | D:1      | Reached XP level 2. HP: 27/27 MP: 2/2
   138 | D:2      | Reached skill level 3 in Axes
   278 | D:2      | Noticed a necrophage
   289 | D:2      | Killed a necrophage
   290 | D:2      | Reached skill level 4 in Axes
   290 | D:2      | Reached XP level 3. HP: 25/33 MP: 3/3
   290 | D:2      | Reached XP level 4. HP: 30/40 MP: 4/4
   513 | D:2      | Reached skill level 5 in Axes
   513 | D:2      | Reached XP level 5. HP: 24/47 MP: 5/5
   712 | D:3      | Noticed an ogre
   721 | D:3      | Found a bloodstained altar of Trog.
  1527 | D:4      | Found a glowing golden altar of the Shining One.
  1555 | D:4      | Reached XP level 6. HP: 38/55 MP: 6/6
  1582 | D:4      | Reached skill level 5 in Fighting
  1582 | D:4      | Reached skill level 6 in Axes
  1758 | D:4      | Found Jyif's Magic Scroll Shop.
  1817 | D:4      | Bought a scroll of identify for 22 gold pieces
  1823 | D:5      | Entered Level 5 of the Dungeon
  1839 | D:5      | Became a worshipper of Beogh the Brigand
  1875 | D:5      | Reached skill level 7 in Axes
  1875 | D:5      | Reached XP level 7. HP: 48/61 MP: 7/7
  1909 | D:5      | Noticed Prince Ribbit
  1923 | D:5      | Reached skill level 8 in Axes
  1923 | D:5      | Reached skill level 1 in Dodging
  1939 | D:5      | Killed Prince Ribbit
  1940 | D:5      | Reached XP level 8. HP: 19/70 MP: 8/8
  1941 | D:5      | Killed by an exploding killer bee... ignited by their inner
                  | flame

Illustrated notes

Levels and vault maps discovered:
D:1:      lightli_arrival_maybe_door_vault, layout_basic, serial_rivers,
          chequers_serial_rivers_micro_a, chequers_serial_rivers_micro_e,
          chequers_serial_rivers_marsh, chequers_serial_rivers_room_b,
          chequers_serial_rivers_micro_a, nrook_uturn
D:2:      layout_basic, serial_bayou, serial_bayou_shore_b,
          serial_bayou_lagoon_a, serial_bayou_shore_a, serial_bayou_pond_a,
          minmay_tetromino_l2
D:3:      layout_basic, mainiacjoe_overflow_24_doors
D:4:      layout_cave_pools, mainiacjoe_overflow_cross_hatched, serial_shops,
          nicolae_shop_behind_doors
D:5:      layout_layer_cave, uniq_prince_ribbit1

Skill      XL: |  1  2  3  4  5  6  7 |
---------------+----------------------+-----
Axes           | 4 5 7 8 |  8.7
Fighting       | 4 5 |  5.9
Armour         | 4 |  4.9
Shields        | 4 |  4.2
Dodging        | 1 |  1.2
Throwing       | |  0.1
Stealth        | |  0.1

Action                     |  1- 3 |  4- 6 |  7- 9 || total
---------------------------+-------+-------+-------++-------
  Melee: War axe           |    42 |   138 |    30 ||   210
  Throw: Throwing net      |       |     1 |       ||     1
 Invoke: Convert to Beogh  |       |     1 |       ||     1
    Use: Potion            |       |     2 |     2 ||     4
         Scroll            |       |     1 |     1 ||     2
 Armour: Scale mail        |    18 |    19 |       ||    37
         Quicksilver drago |       |    33 |    10 ||    43
  Dodge: Dodged            |    14 |    64 |    16 ||    94
  Block: Buckler           |     8 |    26 |    12 ||    46

Table legend: (Time is in decaauts)
 A = Elapsed time spent in this place.
 B = Non-inter-level travel time spent in this place.
 C = Inter-level travel time spent in this place.
 D = Time resting spent in this place.
 E = Time spent auto-exploring this place.
 F = Levels seen in this place.
 G = Mean time per level.
                   A        B        C        D        E       F      G
               +--------+--------+--------+--------+--------+-----+--------+
         Total |   2018 |   2018 |      0 |    308 |     63 |   5 |  403.6 |
       Dungeon |   2018 |   2018 |      0 |    308 |     63 |   5 |  403.6 |
               +--------+--------+--------+--------+--------+-----+--------+

Top non-repeatable levels by time:
     D:2: 894 daAuts
     D:3: 466 daAuts
     D:4: 339 daAuts
     D:1: 193 daAuts
     D:5: 125 daAuts
